Gulls vs Condors
(R1)
Created - January 5, 2025 at 20:45
Goals
|
| Gulls |
3 |
0 |
2 |
5 |
| Condors |
5 |
0 |
2 |
7 |
|
Shots
|
| Gulls |
11 |
4 |
13 |
28 |
| Condors |
20 |
3 |
9 |
32 |
|
1st period
1. Condors , Tyson Jost 14 (Adam Erne 29) at 0:55
2. Condors , Ryan McLeod 4 (Pontus Holmberg 7, Gustav Olofsson 7) at 4:31
3. Condors , Cody Glass 7 (Alexandre Carrier 17, Taro Hirose 7) at 8:42
4. Condors , Taro Hirose 6 (Connor Hurley 3, Gustav Olofsson 8) at 9:36
5. Gulls , Scott Wilson 12 (Jack Glover 3, Mikhail Maltsev 8) at 11:07
6. Condors , Klim Kostin 9 (Ryan McLeod 8, Raphael Lavoie 1) at 14:49
7. Gulls , Troy Terry 7 (Morgan Frost 16) at 15:48
8. Gulls , Jakub Vrana 16 (Logan Brown 33, Eamon McAdam) at 16:39
Penalties :
Nick Shore (Bak) for Tripping (Minor) at 6:19, Tarmo Reunanen (S.D) for Interference (Minor) at 19:59
2nd period
No Goal
Penalties :
Connor Hurley (Bak) for Hooking (Minor) at 2:21, Raphael Lavoie (Bak) for Delaying the game (Minor) at 6:24, Alexandre Carrier (Bak) for High sticking (Double Minor) at 6:48, Connor Hurley (Bak) for Holding (Minor) at 17:18
3rd period
9. Gulls , Anton Blidh 16 (Jakub Vrana 15, Logan Brown 34) at 0:52
10. Condors , Connor Hurley 7 (Cody Glass 12, Martin Frk 15) at 3:28
11. Gulls , Logan Brown 10 (Jakub Vrana 16, Anton Blidh 19) at 12:26 (PP)
12. Condors , Gustav Olofsson 3 (Martin Frk 16, Adam Erne 30) at 19:31 (Empty Net)
Penalties :
Morgan Frost (S.D) for Cross-checking (Minor) at 4:50, Raphael Lavoie (Bak) for Slashing (Minor) at 12:12
Goalie Stats
Eamon McAdam (S.D), 18 saves from 20 shots - (0.900), L, 0-3-0, 49:39 minutes
Louis Domingue (S.D), 7 saves from 11 shots - (0.636), 9:36 minutes
Stuart Skinner (Bak), 23 saves from 28 shots - (0.821), W, 12-8-1, 60:00 minutes
Players Stats for Gulls
Player Name G A P +/- PIM S H SB GA TA FO MP PP MP PK MP
------------------------------------------------------------------------------------
Andrei Mironov 0 0 0 -3 0 0 0 0 0 0 0/0 26:32 6:09 1:14
Anton Blidh 1 1 2 -2 0 5 6 0 2 1 2/2 20:58 5:30 0:41
Barrett Hayton 0 0 0 -1 0 1 3 0 0 0 1/1 9:33 0:52 1:03
Connor Clifton 0 0 0 -2 0 1 0 0 0 0 0/0 13:14 0:09 1:40
Dean Kukan 0 0 0 -3 0 1 0 0 0 2 0/0 27:17 6:09 2:18
Dylan DeMelo 0 0 0 2 0 2 0 1 0 2 0/0 21:06 4:16 1:40
Henri Ikonen 0 0 0 -1 0 1 2 0 0 0 0/0 8:31 0:53 0:00
Jack Glover 0 1 1 2 0 3 0 1 1 0 0/0 19:29 4:16 0:00
Jakub Vrana 1 2 3 -2 0 1 1 0 0 0 2/2 20:18 5:31 0:00
Logan Brown 1 2 3 -2 0 3 1 1 2 0 10/20 20:38 5:29 0:15
Luke Kunin 0 0 0 -1 0 0 2 0 0 1 2/6 12:50 0:00 2:06
Mikhail Maltsev 0 1 1 -1 0 0 0 0 0 0 0/0 10:44 0:00 0:00
Morgan Frost 0 1 1 1 2 1 3 0 0 0 10/17 17:05 4:13 0:34
Nick Merkley 0 0 0 -1 0 0 0 0 0 0 0/0 8:29 0:51 0:00
Scott Wilson 1 0 1 -1 0 2 2 0 0 0 0/0 11:51 0:01 1:05
Sergey Tolchinsky 0 0 0 1 0 3 2 0 1 1 0/0 18:41 4:11 2:12
Tarmo Reunanen 0 0 0 -2 2 0 0 1 0 1 0/0 12:22 0:09 1:04
Troy Terry 1 0 1 1 0 4 2 0 0 0 1/2 16:22 4:11 0:00
Players Stats for Condors
Player Name G A P +/- PIM S H SB GA TA FO MP PP MP PK MP
------------------------------------------------------------------------------------
Adam Erne 0 2 2 1 0 1 0 1 1 1 0/0 20:31 2:09 4:40
Alexander Alexeyev 0 0 0 -1 0 0 2 0 1 0 0/0 20:38 1:58 3:37
Alexandre Carrier 0 1 1 2 4 3 0 1 1 0 0/0 25:55 2:00 4:23
Cody Glass 1 1 2 2 0 1 2 0 0 0 2/2 10:54 0:00 0:00
Connor Hurley 1 1 2 2 4 1 0 0 0 0 1/2 11:49 0:00 0:13
Evan Bouchard 0 0 0 2 0 3 3 3 1 1 0/0 23:50 2:00 6:20
Gustav Olofsson 1 2 3 -1 0 1 2 1 0 0 0/0 20:29 1:58 3:38
Jordan Subban 0 0 0 2 0 0 0 1 0 0 0/0 12:22 0:00 1:53
Klim Kostin 1 0 1 -1 0 2 1 0 0 0 0/0 17:26 1:49 3:27
Martin Frk 0 2 2 0 0 4 3 0 1 1 0/0 13:53 2:09 0:00
Nick Shore 0 0 0 0 2 5 3 1 1 2 7/16 18:37 2:09 4:35
Nikolai Knyzhov 0 0 0 2 0 0 2 0 0 0 0/0 11:55 0:00 1:16
Philip Broberg 0 0 0 0 0 0 0 0 0 0 0/0 4:57 0:00 0:00
Pontus Holmberg 0 1 1 1 0 0 1 0 1 0 0/0 8:33 0:00 0:00
Raphael Lavoie 0 1 1 1 4 0 0 1 0 0 0/0 8:34 0:00 0:03
Ryan McLeod 1 1 2 1 0 5 1 0 0 1 1/4 9:44 0:00 1:11
Taro Hirose 1 1 2 2 0 2 1 1 1 0 0/1 11:40 0:00 0:37
Tyson Jost 1 0 1 0 0 3 1 0 0 0 10/24 18:51 1:49 2:47
Yegor Sharangovich 0 0 0 0 0 1 1 0 0 0 1/1 17:07 1:49 2:00
3 Stars
1 - Cody Glass (Bak)
2 - Taro Hirose (Bak)
3 - Gustav Olofsson (Bak)
Power Play
Gulls - 1 on 7 Attempt(s) - 14.29%
Condors - 0 on 2 Attempt(s) - 0.00%
Penalty Kill
Gulls - 2 on 2 Attempt(s) - 100.00%
- Score 0 goal in Penalty Kill
Condors - 6 on 7 Attempt(s) - 85.71%
- Score 0 goal in Penalty Kill
Team Stat
Gulls - Hits : 24 - Faceoff Wins : 28 - Blocked Shots : 4 - Penalty Minutes : 4
Condors - Hits : 23 - Faceoff Wins : 22 - Blocked Shots : 10 - Penalty Minutes : 14
Official
Referees : TJ Luxmore and Pierre Lambert
Linesman : Matt MacPherson and Mark Shewchyk
Game Notes
Eamon McAdam enters game at 9:36 of 1st period
Gustav Olofsson has scored in a empty net!
Finance
Level 1 -- Attendance: 1966 (98.30%) -- Ticket Income $137,620
Level 2 -- Attendance: 903 (90.30%) -- Ticket Income $36,120
Total Attendance: 2869 (95.63%)
Total Ticket Income: $173,740
Other Income: $8,687
Total Income: $182,427
Gulls
5 vs 5 Forward
Center Left Wing Right Wing Time % Phy DF OF
1 Logan Brown Anton Blidh Jakub Vrana 35 0 2 3
2 Morgan Frost Sergey Tolchinsky Troy Terry 30 0 2 3
3 Luke Kunin Mikhail Maltsev Scott Wilson 25 0 2 3
4 Barrett Hayton Henri Ikonen Nick Merkley 10 1 2 2
5 vs 5 Defense
Defense Defense Time % Phy DF OF
1 Dean Kukan Andrei Mironov 40 1 2 2
2 Dylan DeMelo Jack Glover 30 1 2 2
3 Connor Clifton Tarmo Reunanen 20 1 2 2
4 Dean Kukan Andrei Mironov 10 1 2 2
PowerPlay Forward
Center Left Wing Right Wing Time % Phy DF OF
1 Logan Brown Anton Blidh Jakub Vrana 60 0 1 4
2 Morgan Frost Sergey Tolchinsky Troy Terry 40 0 1 4
PowerPlay Defense
Defense Defense Time % Phy DF OF
1 Dean Kukan Andrei Mironov 60 1 2 2
2 Dylan DeMelo Jack Glover 40 1 2 2
Penalty Kill 4 Players Forward
Center Wing Time % Phy DF OF
1 Luke Kunin Sergey Tolchinsky 60 1 2 2
2 Morgan Frost Scott Wilson 40 1 2 2
Penalty Kill 4 Players Defense
Defense Defense Time % Phy DF OF
1 Dean Kukan Tarmo Reunanen 60 1 2 2
2 Dylan DeMelo Connor Clifton 40 1 2 2
Penalty Kill - 3 Players Forward
Forward Time % Phy DF OF
1 Barrett Hayton 60 1 2 2
2 Morgan Frost 40 1 2 2
Penalty Kill - 3 Players Defense
Defense Defense Time % Phy DF OF
1 Connor Clifton Andrei Mironov 60 1 2 2
2 Tarmo Reunanen Jack Glover 40 1 2 2
4 vs 4 Forward
Center Wing Time % Phy DF OF
1 Logan Brown Scott Wilson 60 1 2 2
2 Morgan Frost Troy Terry 40 1 2 2
4 vs 4 Defense
Defense Defense Time % Phy DF OF
1 Connor Clifton Tarmo Reunanen 60 1 2 2
2 Dylan DeMelo Jack Glover 40 1 2 2
Last Minutes Offensive
Center Left Wing Right Wing Defense Defense
Logan Brown Anton Blidh Jakub Vrana Dean Kukan Andrei Mironov
Last Minutes Defensive
Center Left Wing Right Wing Defense Defense
Logan Brown Anton Blidh Jakub Vrana Dean Kukan Andrei Mironov
Goaltenders
Starting : Louis Domingue
Backup : Eamon McAdam
Extra Forwards
Normal : Anton Blidh, Jakub Vrana, Scott Wilson - PP : Jakub Vrana, Anton Blidh - PK : Sergey Tolchinsky
Extra Defensemen
Normal : Connor Clifton, Tarmo Reunanen, Dean Kukan - PP : Connor Clifton - PK : Tarmo Reunanen, Dean Kukan
Penalty Shots
Jakub Vrana, Logan Brown, Scott Wilson, Anton Blidh, Sergey Tolchinsky
Custom OT Lines Forwards
Jakub Vrana, Logan Brown, Scott Wilson, Anton Blidh, Sergey Tolchinsky, Troy Terry, Morgan Frost, Luke Kunin, Mikhail Maltsev, Henri Ikonen
Custom OT Lines Defensemen
Dean Kukan, Andrei Mironov, Dylan DeMelo, Jack Glover, Connor Clifton
Scratches
Branden Troock (Healthy), Damien Giroux (Healthy), Jake Pivonka (Healthy), Francis Perron (Healthy), Ryan Collins (Healthy)
Taylor Leier (Healthy), MacKenzie Entwistle (Healthy), Zack MacEwen (Healthy), Niklas Nordgren (Healthy), John Beecher (Healthy)
Massimo Rizzo (Healthy), Markus Niemelainen (Bruised Left Arm Injury), Drew Helleson (Healthy), Pavel Dorofeyev (Healthy), Alexis Gravel (Healthy)
Connor Ingram (Healthy), Mads Sogaard (Healthy)
Condors
5 vs 5 Forward
Center Left Wing Right Wing Time % Phy DF OF
1 Tyson Jost Adam Erne Yegor Sharangovich 40 1 2 2
2 Nick Shore Klim Kostin Martin Frk 30 1 2 2
3 Connor Hurley Taro Hirose Cody Glass 20 1 2 2
4 Ryan McLeod Raphael Lavoie Pontus Holmberg 10 1 2 2
5 vs 5 Defense
Defense Defense Time % Phy DF OF
1 Alexandre Carrier Evan Bouchard 40 1 2 2
2 Gustav Olofsson Alexander Alexeyev 30 1 2 2
3 Jordan Subban Nikolai Knyzhov 20 1 2 2
4 Philip Broberg Alexandre Carrier 10 1 2 2
PowerPlay Forward
Center Left Wing Right Wing Time % Phy DF OF
1 Nick Shore Adam Erne Martin Frk 60 1 2 2
2 Tyson Jost Klim Kostin Yegor Sharangovich 40 1 2 2
PowerPlay Defense
Defense Defense Time % Phy DF OF
1 Alexandre Carrier Evan Bouchard 60 1 2 2
2 Gustav Olofsson Alexander Alexeyev 40 1 2 2
Penalty Kill 4 Players Forward
Center Wing Time % Phy DF OF
1 Nick Shore Adam Erne 60 1 2 2
2 Tyson Jost Klim Kostin 40 1 2 2
Penalty Kill 4 Players Defense
Defense Defense Time % Phy DF OF
1 Alexandre Carrier Evan Bouchard 60 1 2 2
2 Gustav Olofsson Alexander Alexeyev 40 1 2 2
Penalty Kill - 3 Players Forward
Forward Time % Phy DF OF
1 Nick Shore 60 1 2 2
2 Tyson Jost 40 1 2 2
Penalty Kill - 3 Players Defense
Defense Defense Time % Phy DF OF
1 Alexandre Carrier Evan Bouchard 60 1 2 2
2 Gustav Olofsson Alexander Alexeyev 40 1 2 2
4 vs 4 Forward
Center Wing Time % Phy DF OF
1 Nick Shore Adam Erne 60 1 2 2
2 Tyson Jost Klim Kostin 40 1 2 2
4 vs 4 Defense
Defense Defense Time % Phy DF OF
1 Alexandre Carrier Evan Bouchard 60 1 2 2
2 Gustav Olofsson Alexander Alexeyev 40 1 2 2
Last Minutes Offensive
Center Left Wing Right Wing Defense Defense
Nick Shore Adam Erne Martin Frk Alexandre Carrier Evan Bouchard
Last Minutes Defensive
Center Left Wing Right Wing Defense Defense
Nick Shore Adam Erne Martin Frk Alexandre Carrier Evan Bouchard
Goaltenders
Starting : Stuart Skinner
Backup : Jaxson Stauber
Extra Forwards
Normal : Yegor Sharangovich, Klim Kostin, Taro Hirose - PP : Yegor Sharangovich, Klim Kostin - PK : Yegor Sharangovich
Extra Defensemen
Normal : Jordan Subban, Nikolai Knyzhov, Philip Broberg - PP : Jordan Subban - PK : Jordan Subban, Nikolai Knyzhov
Penalty Shots
Adam Erne, Martin Frk, Nick Shore, Tyson Jost, Yegor Sharangovich
Custom OT Lines Forwards
Adam Erne, Martin Frk, Nick Shore, Tyson Jost, Yegor Sharangovich, Klim Kostin, Taro Hirose, Cody Glass, Connor Hurley, Pontus Holmberg
Custom OT Lines Defensemen
Alexandre Carrier, Evan Bouchard, Gustav Olofsson, Alexander Alexeyev, Jordan Subban
Scratches
Cole Cassels (Healthy), Colin White (Healthy), Semyon Der-Arguchintsev (Healthy), Jeremy Gregoire (Healthy), Robin Salo (Healthy)
Filip Kral (Healthy), Brayden Pachal (Healthy), Remi Elie (Healthy), Filip Johansson (Healthy), Lucas Johansen (Healthy)
Cole Fonstad (Healthy), Jack Perbix (Healthy), Filip Cederqvist (Healthy), Michael Dipietro (Healthy)
% Time on Ice - Gulls
Lines # - Real PCT - Wanted PCT - Time Play
Normal Forward
1 - 32% - 35% - 14:26
2 - 27% - 30% - 12:12
3 - 24% - 25% - 10:44
4 - 17% - 10% - 7:34
Normal Defense
1 - 42% - 40% - 18:41
2 - 34% - 30% - 15:10
3 - 23% - 20% - 10:25
4 - 1% - 10% - 0:40
PP Forward
1 - 59% - 60% - 6:14
2 - 41% - 40% - 4:20
PP Defense
1 - 60% - 60% - 6:18
2 - 40% - 40% - 4:16
PK Forward
1 - 73% - 60% - 2:53
2 - 27% - 40% - 1:05
PK Defense
1 - 58% - 60% - 2:18
2 - 42% - 40% - 1:40
PK3 Forward
1 - 0% - 60%
2 - 0% - 40%
PK3 Defense
1 - 0% - 60%
2 - 0% - 40%
44 Forward
1 - 0% - 60%
2 - 0% - 40%
44 Defense
1 - 0% - 60%
2 - 0% - 40%
Last Minute Offensive - 0:32
Last Minute Defensive - 0:00
Total
Forward - 60:00
Defense - 60:00
|
% Time on Ice - Condors
Lines # - Real PCT - Wanted PCT - Time Play
Normal Forward
1 - 29% - 40% - 13:13
2 - 27% - 30% - 12:17
3 - 24% - 20% - 10:54
4 - 19% - 10% - 8:33
Normal Defense
1 - 36% - 40% - 16:01
2 - 32% - 30% - 14:22
3 - 23% - 20% - 10:08
4 - 10% - 10% - 4:26
PP Forward
1 - 54% - 60% - 2:09
2 - 46% - 40% - 1:49
PP Defense
1 - 50% - 60% - 2:00
2 - 50% - 40% - 1:58
PK Forward
1 - 73% - 60% - 6:31
2 - 27% - 40% - 2:28
PK Defense
1 - 74% - 60% - 6:38
2 - 26% - 40% - 2:21
PK3 Forward
1 - 80% - 60% - 1:16
2 - 20% - 40% - 0:19
PK3 Defense
1 - 58% - 60% - 0:55
2 - 42% - 40% - 0:40
44 Forward
1 - 0% - 60%
2 - 0% - 40%
44 Defense
1 - 0% - 60%
2 - 0% - 40%
Last Minute Offensive - 0:00
Last Minute Defensive - 0:31
Total
Forward - 60:00
Defense - 60:00
|
Play-by-Play
1st period
0:01 of 1st period - Tyson Jost wins face-off versus Logan Brown in neutral zone.
0:12 of 1st period - Wrist shot by Yegor Sharangovich.
0:12 of 1st period - Stopped by Louis Domingue without a rebound.
0:13 of 1st period - Nick Shore wins face-off versus Morgan Frost in Gulls zone.
0:20 of 1st period - Wrist shot by Nick Shore.
0:20 of 1st period - Deflect By Martin Frk.
0:20 of 1st period - Stopped by Louis Domingue without a rebound.
0:21 of 1st period - Nick Shore wins face-off versus Morgan Frost in Gulls zone.
0:24 of 1st period - Slapshot by Martin Frk.
0:24 of 1st period - Stopped by Louis Domingue without a rebound.
0:25 of 1st period - Cody Glass wins face-off versus Luke Kunin in Gulls zone.
0:55 of 1st period - Snap shot by Adam Erne.
0:55 of 1st period - Deflect By Tyson Jost.
0:55 of 1st period - Goal by Tyson Jost - Gulls : 0 - Condors : 1.
0:56 of 1st period - Logan Brown wins face-off versus Ryan McLeod in neutral zone.
1:21 of 1st period - Morgan Frost is hit by Martin Frk and loses puck.
1:30 of 1st period - Wrist shot by Nick Shore.
1:30 of 1st period - Stopped by Louis Domingue with a rebound.
1:46 of 1st period - Mikhail Maltsev is hit by Alexander Alexeyev and loses puck.
2:51 of 1st period - Wrist shot by Adam Erne.
2:51 of 1st period - Stopped by Louis Domingue without a rebound.
2:52 of 1st period - Nick Shore wins face-off versus Morgan Frost in Gulls zone.
3:58 of 1st period - Off-side.
3:59 of 1st period - Logan Brown wins face-off versus Ryan McLeod in neutral zone.
4:02 of 1st period - Snap shot by Anton Blidh.
4:02 of 1st period - Deflect By Jakub Vrana.
4:02 of 1st period - Shot Misses the Net.
4:02 of 1st period - Puck is out of play.
4:03 of 1st period - Ryan McLeod wins face-off versus Logan Brown in Condors zone.
4:03 of 1st period - Ryan McLeod is hit by Anton Blidh.
4:15 of 1st period - Wrist shot by Pontus Holmberg.
4:15 of 1st period - Shot Misses the Net.
4:17 of 1st period - Wrist shot by Gustav Olofsson.
4:17 of 1st period - Shot Misses the Net.
4:31 of 1st period - Wrist shot by Ryan McLeod.
4:31 of 1st period - Goal by Ryan McLeod - Gulls : 0 - Condors : 2.
4:32 of 1st period - Morgan Frost wins face-off versus Tyson Jost in neutral zone.
5:02 of 1st period - Wrist shot by Mikhail Maltsev.
5:02 of 1st period - Shot Blocked by Evan Bouchard.
5:18 of 1st period - Snap shot by Logan Brown.
5:18 of 1st period - Shot Misses the Net.
5:20 of 1st period - Snap shot by Anton Blidh.
5:20 of 1st period - Stopped by Stuart Skinner without a rebound.
5:21 of 1st period - Logan Brown wins face-off versus Connor Hurley in Condors zone.
5:22 of 1st period - Snap shot by Anton Blidh.
5:22 of 1st period - Stopped by Stuart Skinner without a rebound.
5:23 of 1st period - Cody Glass wins face-off versus Morgan Frost in Condors zone.
5:32 of 1st period - Connor Clifton is hit by Cody Glass and loses puck.
6:19 of 1st period - Minor Penalty to Nick Shore for Tripping.
6:20 of 1st period - Yegor Sharangovich wins face-off versus Logan Brown in Condors zone.
7:31 of 1st period - Gustav Olofsson is hit by Morgan Frost and loses puck.
8:19 of 1st period - Penalty to Nick Shore is over, Nick Shore is back on ice.
8:38 of 1st period - Wrist shot by Taro Hirose.
8:38 of 1st period - Stopped by Louis Domingue with a rebound.
8:40 of 1st period - Slapshot by Alexandre Carrier.
8:40 of 1st period - Stopped by Louis Domingue with a rebound.
8:42 of 1st period - Slapshot by Alexandre Carrier.
8:42 of 1st period - Deflect By Cody Glass.
8:42 of 1st period - Goal by Cody Glass - Gulls : 0 - Condors : 3.
8:43 of 1st period - Logan Brown wins face-off versus Tyson Jost in neutral zone.
8:46 of 1st period - Gustav Olofsson is hit by Anton Blidh and loses puck.
9:09 of 1st period - Sergey Tolchinsky is hit by Nick Shore and loses puck.
9:28 of 1st period - Snap shot by Jack Glover.
9:28 of 1st period - Shot Misses the Net.
9:30 of 1st period - Slapshot by Jack Glover.
9:30 of 1st period - Stopped by Stuart Skinner with a rebound.
9:36 of 1st period - Wrist shot by Taro Hirose.
9:36 of 1st period - Goal by Taro Hirose - Gulls : 0 - Condors : 4.
9:36 of 1st period - Eamon McAdam enters game.
9:37 of 1st period - Logan Brown wins face-off versus Tyson Jost in neutral zone.
10:39 of 1st period - Snap shot by Ryan McLeod.
10:39 of 1st period - Stopped by Eamon McAdam with a rebound.
10:41 of 1st period - Slapshot by Alexandre Carrier.
10:41 of 1st period - Stopped by Eamon McAdam with a rebound.
10:43 of 1st period - Slapshot by Evan Bouchard.
10:43 of 1st period - Stopped by Eamon McAdam with a rebound.
10:45 of 1st period - Snap shot by Evan Bouchard.
10:45 of 1st period - Stopped by Eamon McAdam with a rebound.
11:01 of 1st period - Snap shot by Scott Wilson.
11:01 of 1st period - Stopped by Stuart Skinner with a rebound.
11:07 of 1st period - Backhand shot by Scott Wilson.
11:07 of 1st period - Goal by Scott Wilson - Gulls : 1 - Condors : 4.
11:08 of 1st period - Logan Brown wins face-off versus Tyson Jost in neutral zone.
12:01 of 1st period - Wrist shot by Martin Frk.
12:01 of 1st period - Shot Blocked by Dylan DeMelo.
12:31 of 1st period - Wrist shot by Anton Blidh.
12:31 of 1st period - Stopped by Stuart Skinner with a rebound.
12:33 of 1st period - Slapshot by Jack Glover.
12:33 of 1st period - Stopped by Stuart Skinner with a rebound.
12:35 of 1st period - Slapshot by Dylan DeMelo.
12:35 of 1st period - Stopped by Stuart Skinner without a rebound.
12:36 of 1st period - Tyson Jost wins face-off versus Morgan Frost in Condors zone.
12:49 of 1st period - Wrist shot by Adam Erne.
12:49 of 1st period - Shot Misses the Net.
12:57 of 1st period - Evan Bouchard is hit by Morgan Frost and loses puck.
13:16 of 1st period - Slapshot by Nick Shore.
13:16 of 1st period - Stopped by Eamon McAdam without a rebound.
13:17 of 1st period - Luke Kunin wins face-off versus Nick Shore in Gulls zone.
13:17 of 1st period - Scott Wilson is hit by Klim Kostin and loses puck.
13:30 of 1st period - Gustav Olofsson is hit by Scott Wilson and loses puck.
13:37 of 1st period - Tarmo Reunanen is hit by Nick Shore and loses puck.
14:27 of 1st period - Wrist shot by Morgan Frost.
14:27 of 1st period - Shot Misses the Net.
14:47 of 1st period - Snap shot by Ryan McLeod.
14:47 of 1st period - Stopped by Eamon McAdam with a rebound.
14:49 of 1st period - Wrist shot by Klim Kostin.
14:49 of 1st period - Goal by Klim Kostin - Gulls : 1 - Condors : 5.
14:50 of 1st period - Tyson Jost wins face-off versus Troy Terry in neutral zone.
15:14 of 1st period - Icing by Sergey Tolchinsky.
15:15 of 1st period - Nick Shore wins face-off versus Logan Brown in Gulls zone.
15:28 of 1st period - Snap shot by Nick Shore.
15:28 of 1st period - Stopped by Eamon McAdam with a rebound.
15:30 of 1st period - Snap shot by Klim Kostin.
15:30 of 1st period - Stopped by Eamon McAdam with a rebound.
15:44 of 1st period - Snap shot by Troy Terry.
15:44 of 1st period - Deflect By Alexandre Carrier.
15:44 of 1st period - Stopped by Stuart Skinner without a rebound.
15:45 of 1st period - Morgan Frost wins face-off versus Tyson Jost in Condors zone.
15:46 of 1st period - Backhand shot by Troy Terry.
15:46 of 1st period - Shot Misses the Net.
15:48 of 1st period - Slapshot by Troy Terry.
15:48 of 1st period - Goal by Troy Terry - Gulls : 2 - Condors : 5.
15:49 of 1st period - Tyson Jost wins face-off versus Morgan Frost in neutral zone.
15:58 of 1st period - Snap shot by Troy Terry.
15:58 of 1st period - Shot Blocked by Adam Erne.
16:00 of 1st period - Slapshot by Sergey Tolchinsky.
16:00 of 1st period - Shot Misses the Net.
16:16 of 1st period - Logan Brown is hit by Nick Shore and loses puck.
16:39 of 1st period - Snap shot by Jakub Vrana.
16:39 of 1st period - Goal by Jakub Vrana - Gulls : 3 - Condors : 5.
16:40 of 1st period - Morgan Frost wins face-off versus Tyson Jost in neutral zone.
16:45 of 1st period - Adam Erne is hit by Sergey Tolchinsky and loses puck.
17:02 of 1st period - Adam Erne is hit by Morgan Frost and loses puck.
18:48 of 1st period - Wrist shot by Troy Terry.
18:48 of 1st period - Shot Misses the Net.
19:04 of 1st period - Ryan McLeod is hit by Scott Wilson and loses puck.
19:59 of 1st period - Minor Penalty to Tarmo Reunanen for Interference.
Goals for this period are 3 for Gulls vs 5 for Condors.
Shots for this period are 11 for Gulls vs 20 for Condors.
2nd period
0:01 of 2nd period - Nick Shore wins face-off versus Luke Kunin in neutral zone.
1:26 of 2nd period - Icing by Nick Shore.
1:27 of 2nd period - Tyson Jost wins face-off versus Luke Kunin in Condors zone.
1:59 of 2nd period - Penalty to Tarmo Reunanen is over, Tarmo Reunanen is back on ice.
2:21 of 2nd period - Minor Penalty to Connor Hurley for Hooking.
2:22 of 2nd period - Logan Brown wins face-off versus Nick Shore in Condors zone.
2:25 of 2nd period - Snap shot by Logan Brown.
2:25 of 2nd period - Shot Misses the Net.
2:27 of 2nd period - Snap shot by Jakub Vrana.
2:27 of 2nd period - Shot Misses the Net.
3:01 of 2nd period - Snap shot by Morgan Frost.
3:01 of 2nd period - Deflect By Tyson Jost.
3:01 of 2nd period - Shot Blocked by Evan Bouchard.
3:01 of 2nd period - Puck is out of play.
3:02 of 2nd period - Tyson Jost wins face-off versus Logan Brown in Condors zone.
3:13 of 2nd period - Gustav Olofsson is hit by Anton Blidh.
3:29 of 2nd period - Wrist shot by Sergey Tolchinsky.
3:29 of 2nd period - Stopped by Stuart Skinner with a rebound.
3:31 of 2nd period - Wrist shot by Troy Terry.
3:31 of 2nd period - Shot Misses the Net.
3:33 of 2nd period - Slapshot by Dylan DeMelo.
3:33 of 2nd period - Stopped by Stuart Skinner with a rebound.
3:35 of 2nd period - Slapshot by Jack Glover.
3:35 of 2nd period - Stopped by Stuart Skinner with a rebound.
4:21 of 2nd period - Penalty to Connor Hurley is over, Connor Hurley is back on ice.
4:21 of 2nd period - Dylan DeMelo is hit by Evan Bouchard and loses puck.
4:34 of 2nd period - Connor Hurley is hit by Henri Ikonen.
4:50 of 2nd period - Wrist shot by Tyson Jost.
4:50 of 2nd period - Stopped by Eamon McAdam with a rebound.
4:58 of 2nd period - Snap shot by Alexandre Carrier.
4:58 of 2nd period - Shot Blocked by Tarmo Reunanen.
5:00 of 2nd period - Slapshot by Evan Bouchard.
5:00 of 2nd period - Shot Misses the Net.
5:02 of 2nd period - Snap shot by Tyson Jost.
5:02 of 2nd period - Stopped by Eamon McAdam without a rebound.
5:03 of 2nd period - Troy Terry wins face-off versus Ryan McLeod in Gulls zone.
5:55 of 2nd period - Logan Brown is hit by Yegor Sharangovich and loses puck.
6:24 of 2nd period - Minor Penalty to Raphael Lavoie for Delaying the game.
6:25 of 2nd period - Anton Blidh wins face-off versus Nick Shore in Condors zone.
6:48 of 2nd period - Double Minor Penalty to Alexandre Carrier for High sticking.
6:49 of 2nd period - Nick Shore wins face-off versus Logan Brown in Condors zone.
7:04 of 2nd period - Slapshot by Nick Shore.
7:04 of 2nd period - Stopped by Eamon McAdam without a rebound.
7:05 of 2nd period - Logan Brown wins face-off versus Nick Shore in Gulls zone.
7:20 of 2nd period - Evan Bouchard is hit by Anton Blidh.
7:56 of 2nd period - Nick Shore is hit by Sergey Tolchinsky.
8:24 of 2nd period - Penalty to Raphael Lavoie is over, Raphael Lavoie is back on ice.
10:48 of 2nd period - Penalty to Alexandre Carrier is over, Alexandre Carrier is back on ice.
12:10 of 2nd period - Mikhail Maltsev is hit by Evan Bouchard and loses puck.
12:51 of 2nd period - Wrist shot by Sergey Tolchinsky.
12:51 of 2nd period - Shot Misses the Net.
12:53 of 2nd period - Slapshot by Morgan Frost.
12:53 of 2nd period - Stopped by Stuart Skinner with a rebound.
13:11 of 2nd period - Alexandre Carrier is hit by Henri Ikonen and loses puck.
13:30 of 2nd period - Snap shot by Adam Erne.
13:30 of 2nd period - Shot Misses the Net.
14:58 of 2nd period - Klim Kostin is hit by Logan Brown and loses puck.
15:16 of 2nd period - Pontus Holmberg is hit by Luke Kunin.
15:26 of 2nd period - Andrei Mironov is hit by Alexander Alexeyev and loses puck.
16:09 of 2nd period - Sergey Tolchinsky is hit by Martin Frk and loses puck.
16:48 of 2nd period - Jack Glover is hit by Gustav Olofsson and loses puck.
17:08 of 2nd period - Snap shot by Anton Blidh.
17:08 of 2nd period - Shot Blocked by Taro Hirose.
17:18 of 2nd period - Minor Penalty to Connor Hurley for Holding.
17:19 of 2nd period - Jakub Vrana wins face-off versus Nick Shore in Condors zone.
17:44 of 2nd period - Tyson Jost is hit by Troy Terry and loses puck.
18:56 of 2nd period - Klim Kostin is hit by Anton Blidh and loses puck.
19:18 of 2nd period - Penalty to Connor Hurley is over, Connor Hurley is back on ice.
19:45 of 2nd period - Off-side.
19:46 of 2nd period - Barrett Hayton wins face-off versus Taro Hirose in neutral zone.
19:59 of 2nd period - Snap shot by Henri Ikonen.
19:59 of 2nd period - Shot Misses the Net.
Goals for this period are 0 for Gulls vs 0 for Condors.
Shots for this period are 4 for Gulls vs 3 for Condors.
3rd period
0:01 of 3rd period - Tyson Jost wins face-off versus Logan Brown in neutral zone.
0:16 of 3rd period - Snap shot by Logan Brown.
0:16 of 3rd period - Shot Hit the Post.
0:36 of 3rd period - Wrist shot by Sergey Tolchinsky.
0:36 of 3rd period - Stopped by Stuart Skinner without a rebound.
0:37 of 3rd period - Jakub Vrana wins face-off versus Nick Shore in Condors zone.
0:48 of 3rd period - Wrist shot by Logan Brown.
0:48 of 3rd period - Shot Misses the Net.
0:50 of 3rd period - Snap shot by Jakub Vrana.
0:50 of 3rd period - Shot Blocked by Gustav Olofsson.
0:52 of 3rd period - Slapshot by Anton Blidh.
0:52 of 3rd period - Goal by Anton Blidh - Gulls : 4 - Condors : 5.
0:53 of 3rd period - Morgan Frost wins face-off versus Tyson Jost in neutral zone.
1:00 of 3rd period - Snap shot by Troy Terry.
1:00 of 3rd period - Stopped by Stuart Skinner without a rebound.
1:01 of 3rd period - Morgan Frost wins face-off versus Tyson Jost in Condors zone.
1:02 of 3rd period - Snap shot by Troy Terry.
1:02 of 3rd period - Shot Blocked by Alexandre Carrier.
1:04 of 3rd period - Snap shot by Sergey Tolchinsky.
1:04 of 3rd period - Stopped by Stuart Skinner without a rebound.
1:05 of 3rd period - Tyson Jost wins face-off versus Logan Brown in Condors zone.
1:35 of 3rd period - Andrei Mironov is hit by Gustav Olofsson and loses puck.
2:36 of 3rd period - Wrist shot by Ryan McLeod.
2:36 of 3rd period - Stopped by Eamon McAdam with a rebound.
3:00 of 3rd period - Snap shot by Ryan McLeod.
3:00 of 3rd period - Stopped by Eamon McAdam without a rebound.
3:01 of 3rd period - Logan Brown wins face-off versus Tyson Jost in Gulls zone.
3:26 of 3rd period - Slapshot by Cody Glass.
3:26 of 3rd period - Shot Misses the Net.
3:28 of 3rd period - Slapshot by Connor Hurley.
3:28 of 3rd period - Goal by Connor Hurley - Gulls : 4 - Condors : 6.
3:29 of 3rd period - Tyson Jost wins face-off versus Morgan Frost in neutral zone.
3:29 of 3rd period - Alexandre Carrier is hit by Troy Terry and loses puck.
3:54 of 3rd period - Nick Shore is hit by Anton Blidh and loses puck.
3:59 of 3rd period - Snap shot by Logan Brown.
3:59 of 3rd period - Stopped by Stuart Skinner without a rebound.
4:00 of 3rd period - Tyson Jost wins face-off versus Logan Brown in Condors zone.
4:15 of 3rd period - Wrist shot by Logan Brown.
4:15 of 3rd period - Shot Misses the Net.
4:21 of 3rd period - Jack Glover is hit by Tyson Jost.
4:31 of 3rd period - Slapshot by Andrei Mironov.
4:31 of 3rd period - Deflect By Morgan Frost.
4:31 of 3rd period - Shot Misses the Net.
4:31 of 3rd period - Puck is out of play.
4:32 of 3rd period - Morgan Frost wins face-off versus Nick Shore in Condors zone.
4:33 of 3rd period - Wrist shot by Sergey Tolchinsky.
4:33 of 3rd period - Shot Misses the Net.
4:50 of 3rd period - Minor Penalty to Morgan Frost for Cross-checking.
4:51 of 3rd period - Luke Kunin wins face-off versus Nick Shore in Gulls zone.
5:03 of 3rd period - Snap shot by Nick Shore.
5:03 of 3rd period - Shot Misses the Net.
5:05 of 3rd period - Slapshot by Alexandre Carrier.
5:05 of 3rd period - Stopped by Eamon McAdam with a rebound.
5:07 of 3rd period - Wrist shot by Nick Shore.
5:07 of 3rd period - Stopped by Eamon McAdam with a rebound.
5:47 of 3rd period - Connor Clifton is hit by Martin Frk.
6:50 of 3rd period - Penalty to Morgan Frost is over, Morgan Frost is back on ice.
7:20 of 3rd period - Andrei Mironov is hit by Ryan McLeod and loses puck.
8:24 of 3rd period - Adam Erne is hit by Barrett Hayton and loses puck.
8:37 of 3rd period - Mikhail Maltsev is hit by Nikolai Knyzhov and loses puck.
10:13 of 3rd period - Morgan Frost is hit by Pontus Holmberg.
10:31 of 3rd period - Snap shot by Adam Erne.
10:31 of 3rd period - Shot Blocked by Logan Brown.
10:51 of 3rd period - Snap shot by Barrett Hayton.
10:51 of 3rd period - Stopped by Stuart Skinner with a rebound.
11:01 of 3rd period - Andrei Mironov is hit by Taro Hirose and loses puck.
11:19 of 3rd period - Connor Hurley is hit by Luke Kunin and loses puck.
11:55 of 3rd period - Ryan McLeod is hit by Barrett Hayton and loses puck.
12:08 of 3rd period - Snap shot by Scott Wilson.
12:08 of 3rd period - Shot Blocked by Jordan Subban.
12:10 of 3rd period - Wrist shot by Luke Kunin.
12:10 of 3rd period - Shot Blocked by Raphael Lavoie.
12:12 of 3rd period - Minor Penalty to Raphael Lavoie for Slashing.
12:13 of 3rd period - Logan Brown wins face-off versus Nick Shore in Condors zone.
12:26 of 3rd period - Backhand shot by Logan Brown.
12:26 of 3rd period - Goal by Logan Brown - Gulls : 5 - Condors : 6.
12:27 of 3rd period - Morgan Frost wins face-off versus Tyson Jost in neutral zone.
12:29 of 3rd period - Dean Kukan is hit by Evan Bouchard and loses puck.
13:13 of 3rd period - Off-side.
13:14 of 3rd period - Nick Shore wins face-off versus Logan Brown in neutral zone.
13:23 of 3rd period - Slapshot by Martin Frk.
13:23 of 3rd period - Shot Misses the Net.
13:25 of 3rd period - Slapshot by Martin Frk.
13:25 of 3rd period - Stopped by Eamon McAdam with a rebound.
13:27 of 3rd period - Snap shot by Martin Frk.
13:27 of 3rd period - Stopped by Eamon McAdam without a rebound.
13:28 of 3rd period - Anton Blidh wins face-off versus Tyson Jost in Gulls zone.
13:39 of 3rd period - Wrist shot by Anton Blidh.
13:39 of 3rd period - Shot Misses the Net.
13:41 of 3rd period - Slapshot by Dylan DeMelo.
13:41 of 3rd period - Deflect By Logan Brown.
13:41 of 3rd period - Stopped by Stuart Skinner without a rebound.
13:42 of 3rd period - Morgan Frost wins face-off versus Tyson Jost in Condors zone.
13:43 of 3rd period - Slapshot by Sergey Tolchinsky.
13:43 of 3rd period - Shot Blocked by Evan Bouchard.
13:46 of 3rd period - Icing by Evan Bouchard.
13:47 of 3rd period - Morgan Frost wins face-off versus Tyson Jost in Condors zone.
13:48 of 3rd period - Snap shot by Troy Terry.
13:48 of 3rd period - Stopped by Stuart Skinner without a rebound.
13:49 of 3rd period - Morgan Frost wins face-off versus Tyson Jost in Condors zone.
14:05 of 3rd period - Slapshot by Evan Bouchard.
14:05 of 3rd period - Stopped by Eamon McAdam with a rebound.
14:24 of 3rd period - Slapshot by Dean Kukan.
14:24 of 3rd period - Shot Blocked by Nick Shore.
14:26 of 3rd period - Snap shot by Jakub Vrana.
14:26 of 3rd period - Shot Misses the Net.
14:28 of 3rd period - Snap shot by Logan Brown.
14:28 of 3rd period - Shot Misses the Net.
14:42 of 3rd period - Snap shot by Connor Hurley.
14:42 of 3rd period - Shot Blocked by Jack Glover.
14:44 of 3rd period - Snap shot by Cody Glass.
14:44 of 3rd period - Shot Misses the Net.
15:19 of 3rd period - Dylan DeMelo is hit by Nikolai Knyzhov and loses puck.
15:46 of 3rd period - Snap shot by Anton Blidh.
15:46 of 3rd period - Stopped by Stuart Skinner with a rebound.
15:48 of 3rd period - Slapshot by Connor Clifton.
15:48 of 3rd period - Stopped by Stuart Skinner with a rebound.
16:08 of 3rd period - Snap shot by Cody Glass.
16:08 of 3rd period - Shot Misses the Net.
16:23 of 3rd period - Adam Erne is hit by Barrett Hayton and loses puck.
16:40 of 3rd period - Snap shot by Dean Kukan.
16:40 of 3rd period - Deflect By Nick Shore.
16:40 of 3rd period - Stopped by Stuart Skinner with a rebound.
16:51 of 3rd period - Wrist shot by Troy Terry.
16:51 of 3rd period - Shot Hit the Post.
17:03 of 3rd period - Snap shot by Anton Blidh.
17:03 of 3rd period - Shot Misses the Net.
17:29 of 3rd period - Luke Kunin is hit by Cody Glass and loses puck.
18:30 of 3rd period - Snap shot by Henri Ikonen.
18:30 of 3rd period - Stopped by Stuart Skinner with a rebound.
18:32 of 3rd period - Snap shot by Henri Ikonen.
18:32 of 3rd period - Shot Misses the Net.
18:34 of 3rd period - Snap shot by Nick Merkley.
18:34 of 3rd period - Shot Misses the Net.
18:46 of 3rd period - Gulls, Eamon McAdam is pulled from the net.
18:48 of 3rd period - Snap shot by Mikhail Maltsev.
18:48 of 3rd period - Shot Hit the Post.
19:12 of 3rd period - Gustav Olofsson is hit by Jakub Vrana and loses puck.
19:29 of 3rd period - Snap shot by Martin Frk.
19:29 of 3rd period - Shot Misses the Net.
19:31 of 3rd period - Slapshot by Gustav Olofsson.
19:31 of 3rd period - Goal by Gustav Olofsson - Gulls : 5 - Condors : 7.
19:31 of 3rd period - Eamon McAdam from Gulls was sent back in the game.
19:32 of 3rd period - Connor Hurley wins face-off versus Luke Kunin in neutral zone.
Goals for this period are 2 for Gulls vs 2 for Condors.
Shots for this period are 13 for Gulls vs 9 for Condors.